Map: Lost and Found LE

Players

Warren - Winner!

  • Race: Zerg Zerg
  • Spawn Location: 1:00

Tugboat

  • Race: Zerg Zerg
  • Spawn Location: 7:00

Event: WCS Austin 2018

VOD

Have the link to the VOD?

Description

Time

  • Played on: June 1, 2018, 1:51 p.m.
  • Length: 4:00

All games in this series

Show
View Real Time Build Order
Export as new Build Order

Warren Zerg - Winner!

Build Orders: Hatch First 

Get SALT Encoding   

  12  0:01  Drone  
  13  0:12  Overlord  
  13  0:16  Drone  
  14  0:30  Drone x2  
  16  0:48  Hatchery  
  15  0:51  Drone  
  15  0:56  Drone  
  17  0:59  Drone  
  18  1:04  Extractor  
  17  1:14  Spawning Pool  
  17  1:16  Drone  
  17  1:19  Drone  
  18  1:27  Drone  
  19  1:39  Drone  
  20  1:48  Overlord  
  20  2:01  Queen x2  
  20  2:02  Drone  
  20  2:03  Zergling x2  
  20  2:07  Metabolic Boost  
  26  2:11  Drone x2  
  28  2:21  Drone  
  28  2:22  Drone  
  30  2:32  Drone x2  
  32  2:37  Hatchery  
  32  2:44  Queen  
  33  2:53  Overlord  
  33  2:54  Baneling Nest  
  33  2:55  Zergling x2  
  33  2:58  Zergling x2  
  34  3:07  Zergling x4  
  34  3:10  Overlord  
  34  3:16  Zergling x4  
  34  3:17  Zergling x4  
  38  3:28  Zergling x6  
  38  3:29  Zergling x2  
  38  3:35  Zergling x2  
  35  3:42  Zergling x4  
  35  3:43  Zergling x2  
Show
View Real Time Build Order
Export as new Build Order

Tugboat Zerg 

Build Orders: Pool First 

Get SALT Encoding   

  12  0:01  Drone  
  13  0:10  Drone  
  14  0:29  Spawning Pool  
  14  0:31  Drone  
  14  0:35  Extractor  
  13  0:56  Hatchery  
  12  1:06  Overlord  
  12  1:16  Zergling x2  
  12  1:17  Zergling x2  
  14  1:24  Zergling x2  
  15  1:39  Metabolic Boost  
  15  1:41  Zergling x2  
  15  1:44  Zergling x2  
  17  1:54  Zergling x2  
  18  2:04  Zergling x2  
  18  2:08  Queen  
  21  2:12  Zergling x2  
  22  2:22  Zergling x4  
  24  2:33  Zergling x4  
  24  2:34  Zergling x2  
  27  2:41  Overlord  
  27  2:49  Zergling x2  
  28  2:59  Zergling x4  
  29  3:09  Zergling x4  
  30  3:23  Zergling x8  
  34  3:31  Zergling x6  
Tags
 
Add a new tag
Caveats
  • Supply blocks, unpowered buildings, or Contaminate may cause inaccurate times.
  • Supply counts are checked every 10 seconds.